 Dungeon Crawl Stone Soup version 0.29.1-13-g9f3cf754e1 (webtiles) character file.

Game seed: 11773380786664553869

1213 croobank the Covert (level 8, -4/57 HPs)
             Began as an Octopode Delver on Feb 7, 2023.
             Slain by an ice beast (6 damage)
             ... on level 6 of the Dungeon.
             The game lasted 00:19:08 (8011 turns).

croobank the Covert (Octopode Delver)               Turns: 8011, Time: 00:19:09

Health: -4/57      AC:  1    Str: 22    XL:     8   Next: 46%
Magic:  3/11       EV: 15    Int: 14    God:
Gold:   270        SH:  0    Dex: 19    Spells: 8/12 levels left

rFire   . . .      SeeInvis .   a - +1 hand axe
rCold   . . .      Faith    .   (no shield)
rNeg    . . .      Spirit   .   (helmet restricted)
rPois   .          Reflect  .   (no amulet)
rElec   +          Harm     .   i - ring of Ennusuxu {Contam rElec rCorr Dex+6 Stlth+}
rCorr   +          Rampage  .   w - ring "Azxaciu" {*Slow Will+ Str+10}
Will    +....                   (no ring)
Stlth   ++++++....              (no ring)
HPRegen 0.19/turn               (no ring)
MPRegen 0.12/turn               (no ring)
                                (no ring)
                                (no ring)

@: very slightly contaminated, studying Fighting
A: almost no armour, amphibious, 8 rings, camouflage 1, gelatinous body 1,
(nimble swimmer 1), tentacles
a: no special abilities


You were on level 6 of the Dungeon.
You visited 1 branch of the dungeon, and saw 6 of its levels.

You collected 270 gold pieces.

Inventory:

Hand Weapons
 a - a +1 hand axe (weapon)
 l - a +0 dagger
 p - a +0 morningstar
 u - a +4 long sword
 z - a +0 trident
Missiles
 d - a throwing net (quivered)
 x - 2 javelins
Magical Staves
 j - a staff of conjuration
Jewellery
 i - the ring of Ennusuxu (left tentacle) {Contam rElec rCorr Dex+6 Stlth+}
   (You acquired it on level 3 of the Dungeon)

   [ring of dexterity]

   Dex:       It affects your dexterity (+6).
   rElec:     It insulates you from electricity.
   Contam:    It causes magical contamination when unequipped.
   rCorr:     It protects you from acid and corrosion.
   Stlth:     It makes you more stealthy.
 w - the ring "Azxaciu" (right tentacle) {*Slow Will+ Str+10}
   (You found it on level 3 of the Dungeon)

   [ring of willpower]

   Str:       It affects your strength (+10).
   *Slow:     It may slow you when you take damage.
   Will:      It increases your willpower.
Wands
 f - a wand of digging (2)
Scrolls
 b - a scroll of fog
 e - a scroll of enchant armour
 m - 3 scrolls of teleportation
 o - a scroll of poison
 s - a scroll of noise
 y - a scroll of identify
Potions
 c - 2 potions of attraction
 g - a potion of berserk rage {unknown}
 h - a potion of resistance
 k - a potion of cancellation {unknown}
 n - 6 potions of curing
 q - a potion of invisibility {unknown}
 r - a potion of lignification {unknown}
 t - 2 potions of degeneration {unknown}
 v - a potion of mutation {unknown}
 A - a potion of brilliance {unknown}


   Skills:
 + Level 5.9 Fighting
 + Level 4.4 Axes
 + Level 4.4 Dodging
 + Level 8.8 Stealth
 + Level 2.6 Spellcasting
 + Level 2.8 Hexes
 + Level 2.9 Summonings
 + Level 0.3 Fire Magic


You had 8 spell levels left.
You knew the following spells:

 Your Spells              Type           Power      Damage    Failure   Level
a - Summon Guardian Gole  Hex/Summ       9%         N/A       21%         3
b - Foxfire               Conj/Fire      8%         2x1d4     21%         1

Your spell library contained the following spells:

 Spells                   Type           Power      Damage    Failure   Level
 Inner Flame              Hex/Fire       6%         N/A       34%         3
 Conjure Flame            Conj/Fire      2%         6-21      52%         3
 Flame Wave               Conj/Fire      2%         2d4       90%         4
 Orb of Destruction       Conj           0%         9d5       100%        7
 Spellforged Servitor     Conj/Summ      2%         N/A       100%        7


Dungeon Overview and Level Annotations

Branches:
Dungeon (6/15)
 Temple: D:4-7

Altars:

Shops:
D:5 [

Annotations:
D:5 3 runed translucent doors, bjubeck's ghost, novice MiFi


Innate Abilities, Weirdness & Mutations

You cannot wear most types of armour.
You are amphibious.
You can wear up to eight rings at the same time.
Your skin changes colour to match your surroundings (Stealth+).
Your rubbery body absorbs attacks. (AC +1, EV +1)
((You are camouflaged when in or above water. (Stealth+)))
You have tentacles for arms and can constrict up to eight enemies at once.


Message History

Confirm with . or Enter, or press ? or * to list all spells.
You conjure some foxfire!
The ice beast hits you. The ice beast freezes you!
You hit the ice beast but do no damage.
The ice beast is moderately wounded.
The foxfire hits the ice beast but does no damage.
The ice beast is moderately wounded.
The foxfire hits the ice beast but does no damage.
The ice beast is moderately wounded.
The ice beast barely misses you.
Casting: Foxfire (safe; 21% risk of failure)
Confirm with . or Enter, or press ? or * to list all spells.
You conjure some foxfire!
The ice beast hits you but does no damage.
Your foxfire dissipates!
The foxfire hits the ice beast.
The ice beast melts!
The ice beast is moderately wounded.
Casting: Foxfire (safe; 21% risk of failure)
Confirm with . or Enter, or press ? or * to list all spells.
You conjure some foxfire!
The ice beast hits you.
* * * LOW HITPOINT WARNING * * *
The ice beast freezes you!
* * * LOW HITPOINT WARNING * * *
Your foxfire dissipates!
The foxfire hits the ice beast.
The ice beast is moderately wounded.
Okay, then.
Okay, then.
Okay, then.
Casting: Foxfire (safe; 21% risk of failure)
Confirm with . or Enter, or press ? or * to list all spells.
Okay, then.
Throw: 2 throwing nets
Press: ? - help, Q - select action, (/) - cycle Shift-Dir - straight line, f - ice beast
Aim: an ice beast (moderately wounded, 63% to hit)
You throw a throwing net.
The throwing net barely misses the ice beast.
The ice beast hits you.
* * * LOW HITPOINT WARNING * * *
The ice beast freezes you.
You die...

.# รท##.....#
........# ........#
.##.....# .##.....#
###.....##+##
#.....##..#######+#
#......#......@Y.(+
#.....##.<..).....#
##.....##..#######.#
#......##..####.##.##
##......'.......#...#
#......#.......#...#
#....).#..##...##..#
###'####..# ...##..#
#.....##..+ ..##..#


You could see an ice beast.

Vanquished Creatures
  A water moccasin (D:6)
  An ogre (D:4)
  A centaur (D:6)
  A phantom (D:4)
  A scorpion (D:4)
  A jelly (D:6)
  3 orc priests
  A gnoll bouda (D:4)
  2 hounds
  Jessica (D:2)
  4 iguanas
  2 orc wizards
  12 gnolls
  6 adders
  A worm (D:2)
  2 dart slugs
  20 orcs
  6 ball pythons
  7 bats
  7 endoplasms
  4 giant cockroaches
  8 goblins
  6 hobgoblins
  7 jackals (D:3)
  4 kobolds
  2 quokkas
  2 frilled lizards
  9 rats
122 creatures vanquished.

Vanquished Creatures (others)
  A wraith (D:5)
  10 foxfires (D:6)
  A fungus (D:5)
  3 plants (D:5)
15 creatures vanquished.

Grand Total: 137 creatures vanquished

Notes
Turn   | Place    | Note
-------+----------+-------------------------------------------
     0 | D:5      | croobank the Octopode Delver began the quest for the Orb.
     0 | D:5      | Reached XP level 1. HP: 16/16 MP: 1/1
     1 | D:6      | Noticed a wraith
    23 | D:5      | Found a runed translucent gate.
    24 | D:5      | Found a runed translucent gate.
    25 | D:5      | Found a runed translucent gate.
    43 | D:5      | Noticed an iguana
    94 | D:4      | Noticed an ogre
    99 | D:4      | Reached XP level 2. HP: 21/21 MP: 2/2
   231 | D:5      | Noticed a phantom
   377 | D:4      | Reached skill level 7 in Stealth
   377 | D:4      | Reached XP level 3. HP: 22/26 MP: 3/3
   570 | D:4      | Noticed a scorpion
   652 | D:3      | Reached XP level 4. HP: 23/31 MP: 4/4
   979 | D:1      | Found a faded altar of an unknown god.
  2351 | D:3      | Identified the ring "Azxaciu" {*Slow Will+ Str+10}
  2467 | D:3      | Reached XP level 5. HP: 37/37 MP: 5/5
  2829 | D:3      | Learned a level 3 spell: Summon Guardian Golem
  2991 | D:2      | Noticed Jessica
  3000 | D:2      | Killed Jessica
  3851 | D:3      | Identified 2 scrolls of acquirement
  3851 | D:3      | Acquired a manual of Fighting
  3853 | D:3      | Acquired the ring of Ennusuxu {Contam rElec rCorr Dex+6
                  | Stlth+}
  4153 | D:4      | Reached XP level 6. HP: 30/43 MP: 7/7
  4154 | D:4      | Reached skill level 1 in Summonings
  4524 | D:4      | Reached skill level 1 in Spellcasting
  4524 | D:4      | Reached skill level 1 in Hexes
  5015 | D:4      | Reached XP level 7. HP: 8/49 MP: 9/9
  5347 | D:4      | Reached skill level 8 in Stealth
  6341 | D:5      | Noticed bjubeck's ghost (novice MiFi)
  6455 | D:5      | Reached skill level 5 in Fighting
  7520 | D:5      | Killed a wraith
  7521 | D:5      | Reached XP level 8. HP: 46/56 MP: 8/11
  7929 | D:6      | Learned a level 1 spell: Foxfire
  8011 | D:6      | HP: 2/57 [ice beast (2)]
  8011 | D:6      | Slain by an ice beast

Illustrated notes

Levels and vault maps discovered:
D:1:      sevenhm_arrival_forest_fort_small_4, layout_loops_corners,
          hellmonk_ecumenical_altar_leap_of_faith
D:2:      layout_basic, uniq_jessica
D:3:      layout_basic, minivault_24, grunt_ministairs_13
D:4:      layout_layer_cave
D:5:      layout_basic, gammafunk_ghost_nasty_kobolds, serial_shops, shop,
          small_statue_intersection, kennysheep_generic_room_13
D:6:      layout_gridville, minmay_temple_entry_enclosed_plants

Skill      XL: |  1  2  3  4  5  6  7 |
---------------+----------------------+-----
Stealth        | 7 8 |  8.8
Axes           | 3 4 |  4.4
Dodging        | 3 4 |  4.4
Fighting       | 4 5 |  5.9
Summonings     | 1 2 |  2.9
Spellcasting   | 1 2 |  2.6
Hexes          | 1 2 |  2.8
Fire Magic     | |  0.3

Action                   |  1- 3 |  4- 6 |  7- 9 || total
-------------------------+-------+-------+-------++-------
Melee: Hand axe          |    13 |   138 |    71 ||   222
       Constrict         |     5 |    36 |    22 ||    63
       Tentacles         |     4 |    33 |    23 ||    60
       Punch             |       |     5 |     2 ||     7
Throw: Throwing net      |       |       |     6 ||     6
       Javelin           |       |       |     4 ||     4
 Cast: Summon Guardian G |       |       |     2 ||     2
       Foxfire           |       |       |     7 ||     7
Evoke: Wand              |     5 |     2 |       ||     7
  Use: Scroll            |     2 |    13 |     3 ||    18
       Potion            |     1 |     1 |       ||     2
 Stab: Sleeping          |     1 |    42 |     4 ||    47
       Distracted        |       |     4 |       ||     4
       Paralysed         |       |     8 |       ||     8
Armor: Skin              |       |     4 |     2 ||     6
Dodge: Dodged            |    10 |    75 |    70 ||   155
